[Event "Titled Tuesday Blitz January 10 Late 2023"]
[White "Soyunlu, Narmin"]
[Black "Rose, Felix"]
[WhiteFideId "13400843"]
[BlackFideId "5105722"]
[WhiteElo "2013"]
[BlackElo "2091"]
[Result "0-1"]
[Round "11"]
[TimeControl "180+2"]
[Date "2023.01.10"]
[WhiteClock "0:00:03"]
[BlackClock "0:01:02"]

1. d4 Nf6 2. c4 e6 3. g3 d5 4. Bg2 dxc4 5. Nf3 a6 6. a4 Nc6 7. O-O Rb8 8. Bg5 Be7 9. Nc3 O-O 10. a5 h6 11. Be3 Bb4 12. Qc2 Nxa5 13. Ra4 Bxc3 14. Qxc3 b6 15. Rxc4 Nxc4 16. Qxc4 Bb7 17. Rc1 Nd5 18. Ne5 Nxe3 19. fxe3 Bxg2 20. Kxg2 c5 21. dxc5 bxc5 22. Nc6 Qc7 23. Nxb8 Qxb8 24. Qxc5 Qxb2 25. Qc2 Qb7+ 26. Kg1 Qb6 27. Qc5 Qb2 28. Rc2 Qb1+ 29. Kg2 Qb7+ 30. Qc6 Qb3 31. Rc3 Qd1 32. Rc2 a5 33. Qc3 a4 34. Rd2 Qb1 35. Rb2 Qa1 36. Qb4 a3 37. Rb1 Qa2 38. Kf2 Ra8 39. Qe1 Qd5 40. Ra1 a2 41. Qc1 h5 42. Qb2 g6 43. e4 Qxe4 44. Rxa2 Qf5+ 45. Kg2 Qd5+ 46. Kf2 Rxa2 0-1


[Site "https://www.chess.com"]

[Event "Titled Tuesday Blitz January 10 Late 2023"]
[White "Cueto, Jonny"]
[Black "Almedina Ortiz, Edgardo J."]
[WhiteFideId "3300145"]
[BlackFideId "3100197"]
[WhiteElo "2122"]
[BlackElo "2156"]
[Result "1-0"]
[Round "11"]
[TimeControl "180+2"]
[Date "2023.01.10"]
[WhiteClock "0:00:05"]
[BlackClock "0:00:02"]

1. d4 Nf6 2. Bf4 d5 3. e3 e6 4. Nf3 Bd6 5. Ne5 O-O 6. Bd3 c5 7. c3 Qc7 8. Nd2 Nbd7 9. Ndf3 Ne4 10. O-O f6 11. Nxd7 Bxd7 12. Bxd6 Nxd6 13. Rc1 c4 14. Bb1 b5 15. Nd2 e5 16. dxe5 fxe5 17. Nf3 Be6 18. Ng5 Bf5 19. Qxd5+ Kh8 20. Qxe5 Bxb1 21. Rxb1 Rf5 22. Qg3 Qe7 23. Nf3 Ne4 24. Qg4 Raf8 25. Nd4 Rxf2 26. Qe6 Rxf1+ 27. Rxf1 Rxf1+ 28. Kxf1 Qxe6 29. Nxe6 Kg8 30. Nd4 a6 31. Ne6 Kf7 32. Nc7 Nc5 33. Ke2 Ke7 34. Nd5+ Kd6 35. Nf4 Ke5 36. Nh3 h6 37. Nf2 h5 38. Kd2 g6 39. Nh3 Ne4+ 40. Kc2 g5 41. Ng1 g4 42. Ne2 h4 43. Nf4 g3 44. h3 Ng5 45. Ng6+ Ke4 46. Nxh4 Kxe3 47. Kd1 Kf2 48. Kd2 1-0


[Site "https://www.chess.com"]

[Event "Titled Tuesday Blitz January 10 Late 2023"]
[White "Harish, Neeraj"]
[Black "Stanisz, Patryk"]
[WhiteFideId "30958130"]
[BlackFideId "1123106"]
[WhiteElo "2232"]
[BlackElo "2161"]
[Result "1-0"]
[Round "11"]
[TimeControl "180+2"]
[Date "2023.01.10"]
[WhiteClock "0:00:11"]
[BlackClock "0:00:12"]

1. e4 c5 2. Nf3 Nc6 3. d4 cxd4 4. Nxd4 Nf6 5. Nc3 e5 6. Ndb5 d6 7. Bg5 a6 8. Na3 b5 9. Nd5 Be7 10. Bxf6 Bxf6 11. c3 O-O 12. Nc2 Bg5 13. a4 bxa4 14. Rxa4 a5 15. Bc4 Rb8 16. b3 Kh8 17. Nce3 g6 18. O-O f5 19. exf5 gxf5 20. Nc2 e4 21. f3 Bh6 22. fxe4 fxe4 23. Rxf8+ Qxf8 24. Nd4 Ne5 25. Rxa5 e3 26. Ra2 Bg4 27. Qe1 Nxc4 28. bxc4 Bf5 29. Nxf5 Qxf5 30. Ra1 Qe4 31. h3 Rb2 32. Ra8+ Kg7 33. Qg3+ Qg6 34. Ra7+ Kh8 35. Ra8+ Kg7 36. Rg8+ Kxg8 37. Ne7+ Kg7 38. Nxg6 hxg6 39. Qxd6 e2 40. Qe7+ Kg8 41. Kf2 Bg7 42. Qe8+ Kh7 43. Qe4 Bxc3 44. Qh4+ Kg7 45. Qe7+ Kh6 46. Qh4+ Kg7 47. Qe7+ Kg8 48. Qe8+ Kh7 49. Qe7+ Bg7 50. Qh4+ Kg8 51. Qd8+ Bf8 52. Qd5+ Kg7 53. Qd4+ Kh7 54. Qxb2 e1=Q+ 55. Kxe1 Bg7 56. Qb7 Kh6 57. c5 Kh5 58. c6 g5 59. c7 Kh4 60. c8=Q Kg3 61. Qcd7 Kh2 62. Qxg7 Kh1 63. Qh7 g4 64. Qg6 g3 65. Qg4 Kg1 66. Qxg3 Kh1 67. Qh2+ Kxh2 68. Qc7+ Kg1 69. Ke2 Kh1 70. g4 Kg1 71. g5 1-0


[Site "https://www.chess.com"]

[Event "Titled Tuesday Blitz January 10 Late 2023"]
[White "Abdyzhaparov, Aidar"]
[Black "Lutz, Igor Oscar"]
[WhiteFideId "13800361"]
[BlackFideId "2110806"]
[WhiteElo "1978"]
[BlackElo "1969"]
[Result "1/2-1/2"]
[Round "11"]
[TimeControl "180+2"]
[Date "2023.01.10"]
[WhiteClock "0:00:13"]
[BlackClock "0:00:09"]

1. d4 Nf6 2. f3 d5 3. e4 dxe4 4. Nc3 exf3 5. Nxf3 Bg4 6. h3 Bh5 7. g4 Bg6 8. Ne5 Nbd7 9. Qf3 c6 10. g5 Nxe5 11. dxe5 Nd5 12. Nxd5 Qxd5 13. Qxd5 cxd5 14. Bb5+ Kd8 15. Ba4 Be4 16. O-O e6 17. Rxf7 Bc5+ 18. Kh2 Rf8 19. Rxf8+ Bxf8 20. Be3 a6 21. Rf1 Bf5 22. Bb6+ Ke7 23. Rf3 Rc8 24. Rc3 Rxc3 25. bxc3 Kf7 26. Kg3 Be7 27. h4 Ba3 28. Kf4 Ke7 29. Be3 b5 30. Bb3 Bb2 31. Bd2 Ba3 32. h5 a5 33. h6 g6 34. Be3 a4 35. Bd2 axb3 36. cxb3 Bb1 37. b4 Bxa2 38. Ke3 Bc4 39. Kd4 Bb2 40. Kc5 Kd7 41. Kd4 Kc6 42. Be3 Ba3 43. Bd2 Bb2 44. Be3 Kb6 45. Bd2 Bf1 46. Be3 Bc4 47. Bd2 Ba1 48. Be3 Kc6 49. Bd2 Bb2 1/2-1/2


[Site "https://www.chess.com"]

[Event "Titled Tuesday Blitz January 10 Late 2023"]
[White "Thiel, Thomas"]
[Black "ritanovikova"]
[WhiteFideId "4615964"]
[WhiteElo "2234"]
[BlackElo "2115"]
[Result "0-1"]
[Round "11"]
[TimeControl "180+2"]
[Date "2023.01.10"]
[WhiteClock "0:01:03"]
[BlackClock "0:00:56"]

1. e4 d5 2. exd5 Qxd5 3. Nc3 Qd6 4. d4 Nf6 5. Nf3 a6 6. g3 Bg4 7. Bg2 e6 8. O-O Nc6 9. h3 Bxf3 10. Bxf3 Nxd4 11. Bxb7 Rb8 12. Bg2 Qb6 13. Be3 c5 14. b3 Be7 15. Na4 Qa7 16. c3 Nf5 17. Qe2 Nxe3 18. Qxe3 O-O 19. Rfd1 Rfd8 20. Bf3 Nd5 21. Bxd5 exd5 22. Qf3 d4 23. cxd4 cxd4 24. Rd3 Bf6 25. Rad1 h6 26. Nb2 Qc5 27. Nc4 a5 28. Nd2 Qb4 29. Ne4 Be5 30. Qf5 Re8 31. Kg2 Rb5 32. Qd7 Re7 33. Qd8+ Kh7 34. Rf3 Bc7 35. Qa8 Rb7 36. Nc5 Rb8 37. Qc6 Bb6 38. Nd3 Qc3 39. Nf4 Qxc6 0-1


[Site "https://www.chess.com"]

[Event "Titled Tuesday Blitz January 10 Late 2023"]
[White "Kovacevic, Radmila"]
[Black "Garcia, Gabriel Gonzaga"]
[WhiteFideId "933171"]
[BlackFideId "2138956"]
[WhiteElo "2106"]
[BlackElo "2091"]
[Result "0-1"]
[Round "11"]
[TimeControl "180+2"]
[Date "2023.01.10"]
[WhiteClock "0:00:06"]
[BlackClock "0:01:51"]

1. e4 c6 2. d4 d5 3. exd5 cxd5 4. c4 Nf6 5. Nc3 Nc6 6. cxd5 Nxd5 7. Nf3 Bg4 8. Bc4 e6 9. Bxd5 exd5 10. Qb3 Bxf3 11. Qxb7 Nxd4 12. gxf3 Qe7+ 13. Qxe7+ Bxe7 14. O-O Nxf3+ 15. Kh1 O-O-O 16. Bf4 Kb7 17. Rad1 d4 18. Ne4 f5 19. Ng3 g5 20. Nxf5 gxf4 21. Nxe7 Rhe8 22. Nf5 d3 23. Kg2 Ne5 24. f3 Nc4 25. Rfe1 Rxe1 26. Rxe1 d2 27. Rd1 Nxb2 28. Rb1 d1=Q 29. Rxb2+ Kc7 30. Rf2 Rd2 31. Nh4 Rxf2+ 32. Kxf2 Qd2+ 33. Kg1 Qxa2 34. Ng2 Qd2 35. Kf1 a5 36. h4 a4 37. h5 a3 38. h6 a2 39. Ne1 a1=Q 40. Kg1 Qaxe1# 0-1


[Site "https://www.chess.com"]

[Event "Titled Tuesday Blitz January 10 Late 2023"]
[White "Wang, Alexander J"]
[Black "Jenkins, Drake"]
[WhiteFideId "30955270"]
[BlackFideId "2022397"]
[WhiteElo "1815"]
[BlackElo "2130"]
[Result "1-0"]
[Round "11"]
[TimeControl "180+2"]
[Date "2023.01.10"]
[WhiteClock "0:00:18"]
[BlackClock "0:00:02"]

1. e4 c5 2. Nf3 g6 3. d4 cxd4 4. Nxd4 Nf6 5. Nc3 Nc6 6. g3 Bg7 7. Bg2 Qb6 8. Nde2 O-O 9. O-O d6 10. h3 a6 11. Rb1 Qa5 12. Be3 Bd7 13. f4 Rac8 14. g4 b5 15. a3 b4 16. axb4 Qxb4 17. g5 Nh5 18. Kh2 Bh8 19. Nd5 Qb8 20. c3 Rfe8 21. Bf3 Ng7 22. h4 Ne6 23. h5 Nc5 24. hxg6 hxg6 25. Kg3 Be6 26. Rh1 Bg7 27. Qg1 Bxd5 28. exd5 Nd8 29. Qh2 Kf8 30. Bd4 e5 31. dxe6 Ndxe6 32. Bxg7+ 1-0


[Site "https://www.chess.com"]

[Event "Titled Tuesday Blitz January 10 Late 2023"]
[White "Vargas, Mauricio"]
[Black "Antonio, Jorge Carlos"]
[WhiteFideId "4404572"]
[BlackFideId "113190"]
[WhiteElo "2035"]
[BlackElo "2277"]
[Result "0-1"]
[Round "11"]
[TimeControl "180+2"]
[Date "2023.01.10"]
[WhiteClock "0:00:23"]
[BlackClock "0:01:07"]

1. e4 h6 2. f4 e6 3. Nc3 c5 4. Nf3 Nc6 5. g4 d5 6. e5 Nge7 7. Bg2 d4 8. Ne4 Nd5 9. d3 b6 10. a3 Bb7 11. O-O Qd7 12. Qe1 O-O-O 13. Rb1 f5 14. exf6 gxf6 15. Bd2 Rg8 16. h3 Bd6 17. c4 dxc3 18. bxc3 f5 19. Nxd6+ Qxd6 20. Ne5 Nxe5 21. fxe5 Qd7 22. gxf5 Nf4 23. Rxf4 Rxg2+ 24. Kf1 Qxd3+ 25. Qe2 Rxe2 0-1


[Site "https://www.chess.com"]

[Event "Titled Tuesday Blitz January 10 Late 2023"]
[White "Riverol, Jose"]
[Black "Thomas, Anysia"]
[WhiteFideId "3000427"]
[BlackFideId "670472"]
[WhiteElo "2304"]
[BlackElo "2147"]
[Result "0-1"]
[Round "11"]
[TimeControl "180+2"]
[Date "2023.01.10"]
[WhiteClock "0:00:25"]
[BlackClock "0:01:17"]

1. d4 Nf6 2. c4 g6 3. Nc3 d5 4. Nf3 Bg7 5. Bg5 Ne4 6. Bh4 Nxc3 7. bxc3 c5 8. e3 O-O 9. cxd5 cxd4 10. cxd4 Qxd5 11. Qb3 Qa5+ 12. Nd2 Nc6 13. Rb1 Be6 14. Bc4 Bxc4 15. Qxc4 Rac8 16. Qb5 Qc3 17. Qb3 Qa5 18. Qb5 Qxa2 19. Rb2 Qa1+ 20. Rb1 Qc3 21. Qb3 Qxb3 22. Rxb3 b6 23. Ke2 e6 24. Rc1 Nxd4+ 25. exd4 Rxc1 26. Ra3 a5 0-1


[Site "https://www.chess.com"]

[Event "Titled Tuesday Blitz January 10 Late 2023"]
[White "Kho, Darrell"]
[Black "Martinez, Shawn"]
[WhiteFideId "1019317"]
[BlackFideId "2039770"]
[WhiteElo "2075"]
[BlackElo "1881"]
[Result "1-0"]
[Round "11"]
[TimeControl "180+2"]
[Date "2023.01.10"]
[WhiteClock "0:00:15"]
[BlackClock "0:00:04"]

1. e4 c6 2. Nc3 d5 3. Nf3 dxe4 4. Nxe4 Nf6 5. Qe2 e6 6. d4 Nbd7 7. Bf4 Nxe4 8. Qxe4 Nf6 9. Qd3 Bd6 10. Ne5 O-O 11. O-O-O Nd5 12. Bd2 Bxe5 13. dxe5 b5 14. Qe4 f5 15. exf6 Qxf6 16. Bd3 g6 17. h4 Qf5 18. f3 Qxe4 19. Bxe4 Bd7 20. h5 Kg7 21. Bc3+ Kf7 22. hxg6+ hxg6 23. Rh7+ Ke8 24. Bxg6+ Kd8 25. Be5 a5 26. b3 a4 27. c4 axb3 28. cxd5 bxa2 29. dxe6 a1=Q+ 30. Bxa1 Rxa1+ 31. Bb1 1-0